 Dungeon Crawl Stone Soup version 0.30-a0-42-g806c11bf1d (webtiles) character file.

Game seed: 2318163675060547431

8407 Kinoniko the Cleaver (level 11, -2/142 HPs)
             Began as a Purple Draconian Berserker on Aug 30, 2022.
             Was an Elder of Trog.
             Slain by a 15-headed hydra (8 damage)
             ... on level 1 of the Lair of Beasts.
             The game lasted 00:10:12 (10632 turns).

Kinoniko the Cleaver (Purple Draconian Berserker)  Turns: 10632, Time: 00:10:12

Health: -2/142     AC: 11    Str: 21    XL:     11   Next: 9%
Magic:  11/11      EV: 16    Int:  8    God:    Trog [****..]
Gold:   412        SH:  0    Dex: 15    Spells: 10/10 levels left

rFire   . . .      SeeInvis +    w - +8 hand axe "Owyir" {venom, rElec rN+ Will+ Stlth+}
rCold   + . .      Faith    .    (no shield)
rNeg    + + .      Spirit   .    (body armour unavailable)
rPois   .          Reflect  .    (helmet restricted)
rElec   +          Harm     .    M - +1 cloak
rCorr   .          Rampage  .    t - +0 pair of gloves
Will    ++...                    e - +0 pair of boots
Stlth   ..........               (no amulet)
HPRegen 0.33/turn                H - ring of see invisible
MPRegen 0.12/turn                N - ring of Dudgh {rC+ rN+ Dex+2}

@: berserking, lethally poisoned (-2 -> -23), very quick
A: breathe power, AC +7, unfitting armour, cold-blooded
a: Breathe Dispelling Energy, Renounce Religion, Berserk, Trog's Hand, Brothers
in Arms


You were on level 1 of the Lair of Beasts.
You worshipped Trog.
Trog was greatly pleased with you.
You visited 2 branches of the dungeon, and saw 9 of its levels.
You also visited: Sewer.

You collected 636 gold pieces.
You spent 224 gold pieces at shops.

Inventory:

Hand Weapons
 a - a +0 hand axe
 m - the +6 short sword of Death {holy, Dex+4}
   (You found it on level 2 of the Dungeon)

   It has been blessed by the Shining One to cause great damage to the undead
   and demons.
   Dex:       It affects your dexterity (+4).
 n - a +0 broad axe
 w - the +8 hand axe "Owyir" (weapon) {venom, rElec rN+ Will+ Stlth+}
   (You bought it in a shop on level 3 of the Dungeon)

   It poisons the flesh of those it strikes.
   rElec:     It insulates you from electricity.
   rN:        It protects you from negative energy.
   Will:      It increases your willpower.
   Stlth:     It makes you more stealthy.
Missiles
 J - 2 throwing nets (quivered)
Armour
 e - a +0 pair of boots (worn)
 t - a +0 pair of gloves (worn)
 x - a +0 cloak
 D - a scarf of repulsion
 M - a +1 cloak (worn)
Jewellery
 A - a ring of willpower
 H - a ring of see invisible (left hand)
 N - the ring of Dudgh (right hand) {rC+ rN+ Dex+2}
   (You found it on level 8 of the Dungeon)

   [ring of protection from cold]

   Dex:       It affects your dexterity (+2).
   rC:        It protects you from cold.
   rN:        It protects you from negative energy.
Wands
 p - a wand of flame (4)
 q - a wand of iceblast (28)
 B - a wand of mindburst (13)
 K - a wand of paralysis (4)
Scrolls
 d - 3 scrolls of poison
 f - a scroll of vulnerability
 g - 2 scrolls of fog
 i - 3 scrolls of teleportation
 s - 3 scrolls of torment
 y - 2 scrolls of magic mapping
 C - 6 scrolls of fear
 G - 2 scrolls of silence
 I - 2 scrolls of immolation
 L - a scroll of blinking
Potions
 b - a potion of flight {unknown}
 c - 3 potions of haste {unknown}
 h - 2 potions of magic {unknown}
 j - a potion of berserk rage {unknown}
 k - 3 potions of attraction {unknown}
 l - 4 potions of lignification
 o - 2 potions of might {unknown}
 r - 4 potions of ambrosia
 u - a potion of cancellation {unknown}
 v - 2 potions of degeneration {unknown}
 z - a potion of resistance {unknown}
 E - a potion of mutation {unknown}
 F - 2 potions of brilliance {unknown}


   Skills:
 + Level 8.5 Fighting
 * Level 13.1 Axes
 + Level 8.9 Dodging


You had 10 spell levels left.
You didn't know any spells.
Your spell library was empty.

Dungeon Overview and Level Annotations

Branches:
Dungeon (8/15)             Temple (0/1) D:4            Lair (1/5) D:8
  Sewer (visited)

Altars:
Gozag
Kikubaaqudgha
Okawaru
Zin
The Shining One

Shops:
D:3 (   D:8 :


Innate Abilities, Weirdness & Mutations

You can breathe bolts of dispelling energy.
Your rich purple scales are hard. (AC +7)
You cannot fit into any form of body armour.
You are cold-blooded and may be slowed by cold attacks.


Message History

The 12-headed hydra bites you! The 12-headed hydra misses you.
The 12-headed hydra completely misses you.
You are too injured to fight recklessly!
Unknown command.
You are too injured to fight recklessly!
You are too injured to fight recklessly!
Unknown command.
You are too injured to fight recklessly!
You lop one of the 12-headed hydra's heads off!
The 11-headed hydra grows two more!
You slash the 13-headed hydra!
The 13-headed hydra is lightly wounded.
You slash the cane toad!
Unknown command.
You chop one of the 13-headed hydra's heads off!
The 12-headed hydra grows two more!
You hit the 14-headed hydra.
The 14-headed hydra looks as sick as possible!
You tail-slap the 14-headed hydra!
The 14-headed hydra is moderately wounded.
You hit the cane toad. The cane toad stings you!
* * * LOW HITPOINT WARNING * * *
You are poisoned.
The cane toad poisons you!
You hack one of the 14-headed hydra's heads off!
The 13-headed hydra grows two more!
You slice the 15-headed hydra!!
The 15-headed hydra is heavily wounded.
You slash the cane toad!
The cane toad is poisoned.
You feel very sick.
The 15-headed hydra bites you but does no damage.
The 15-headed hydra bites you.
* * * LOW HITPOINT WARNING * * *
The 15-headed hydra bites you but does no damage.
The 15-headed hydra barely misses you. The 15-headed hydra closely misses you.
The 15-headed hydra bites you!
* * * LOW HITPOINT WARNING * * *
The 15-headed hydra bites you!
* * * LOW HITPOINT WARNING * * *
The 15-headed hydra bites you!
* * * LOW HITPOINT WARNING * * *
The 15-headed hydra bites you!
You die...

....## #.
.... ..#.
.........
...#.....
#..#.....
#.....#
###†D..#
##..@F.#
#..#......#
#.........#
#...###...#
..# ###..##
# #....#
#...##
#...# #...#


You could see a 15-headed hydra (extremely poisoned) and a cane toad (very
poisoned).

Vanquished Creatures
  Maggie (D:8)
  2 komodo dragons
  4 blink frogs (Lair:1)
  2 basilisks (D:8)
  A wyvern (D:8)
  17 yaks
  Edmund (D:5)
  2 water moccasins
  Pargi (Sewer)
  A swamp drake (D:8)
  3 ice beasts
  3 orc warriors
  A black bear (Lair:1)
  2 ogres
  6 centaurs
  2 phantoms
  7 bullfrogs
  3 gnoll sergeants
  4 scorpions
  4 wights (D:8)
  A howler monkey (D:4)
  5 hounds
  3 jellies
  5 orc priests
  A gnoll bouda (D:7)
  Terence (D:2)
  An iguana (D:4)
  5 orc wizards
  5 hell rats (Lair:1)
  14 gnolls
  8 adders
  2 white imps
  An ufetubus (D:6)
  A dart slug (D:5)
  17 orcs
  9 ball pythons
  3 endoplasms
  4 giant cockroaches
  5 goblins
  7 hobgoblins
  11 jackals
  11 kobolds
  8 quokkas
  3 bats
  4 frilled lizards
  6 rats
208 creatures vanquished.

Vanquished Creatures (collateral kills)
  An iguana (D:5)
1 creature vanquished.

Vanquished Creatures (others)
  12 fungi (Lair:1)
12 creatures vanquished.

Grand Total: 221 creatures vanquished

Notes
Turn   | Place    | Note
-------+----------+-------------------------------------------
     0 | D:1      | Kinoniko the Draconian Berserker began the quest for the
                  | Orb.
     0 | D:1      | Reached XP level 1. HP: 19/19 MP: 1/1
   372 | D:1      | Reached XP level 2. HP: 19/26 MP: 2/2
  1045 | D:1      | Reached XP level 3. HP: 26/31 MP: 3/3
  1098 | D:1      | Found a faded altar of an unknown god.
  1247 | D:2      | Noticed Terence
  1264 | D:2      | Killed Terence
  1265 | D:2      | Reached skill level 4 in Axes
  1400 | D:2      | Reached ** piety under Trog
  1408 | D:2      | Reached XP level 4. HP: 38/38 MP: 4/4
  1558 | D:2      | Identified the +6 short sword of Death {holy, Dex+4}
  2087 | D:3      | Noticed a scorpion
  2095 | D:3      | Killed a scorpion
  2096 | D:3      | Reached skill level 5 in Axes
  2096 | D:3      | Reached XP level 5. HP: 45/45 MP: 5/5
  2276 | D:3      | Found Kopnits's Antique Weapon Emporium.
  2329 | D:3      | Found an opulent altar of Gozag.
  2399 | D:3      | Found an ancient bone altar of Kikubaaqudgha.
  2697 | D:3      | Bought a crystal hand axe for 224 gold pieces
  2697 | D:3      | Identified the +8 hand axe "Owyir" {venom, rElec rN+ Will+
                  | Stlth+} (You bought it in a shop on level 3 of the Dungeon)
  2782 | D:4      | Found a staircase to the Ecumenical Temple.
  2945 | D:4      | Reached XP level 6. HP: 48/51 MP: 6/6
  2949 | D:4      | Reached skill level 6 in Axes
  3035 | D:4      | Found a glowing drain.
  3043 | D:4      | Reached *** piety under Trog
  3055 | Sewer    | Entered a sewer
  3111 | Sewer    | Noticed Pargi
  3117 | Sewer    | Killed Pargi
  3118 | Sewer    | Your scales start taking on a rich purple colour.
  3118 | Sewer    | Reached XP level 7. HP: 57/57 MP: 7/7
  3276 | D:4      | Reached skill level 7 in Axes
  3767 | D:5      | Entered Level 5 of the Dungeon
  3778 | D:5      | Noticed Edmund
  3788 | D:5      | Killed Edmund
  3789 | D:5      | Reached skill level 5 in Dodging
  3959 | D:5      | Reached skill level 8 in Axes
  3982 | D:5      | Reached XP level 8. HP: 55/63 MP: 8/8
  4199 | D:5      | Found a glowing silver altar of Zin.
  4686 | D:6      | Reached skill level 9 in Axes
  6097 | D:7      | Reached XP level 9. HP: 69/73 MP: 9/9
  6103 | D:7      | Reached skill level 5 in Fighting
  6120 | D:7      | Reached skill level 10 in Axes
  6268 | D:7      | Found an iron altar of Okawaru.
  6268 | D:7      | Found a glowing golden altar of the Shining One.
  7489 | D:8      | Reached **** piety under Trog
  7496 | D:8      | Reached skill level 11 in Axes
  7869 | D:8      | Reached XP level 10. HP: 84/84 MP: 10/10
  8663 | D:8      | Noticed Maggie
  8687 | D:8      | HP: 2/86 [Maggie/bolt of fire (23)]
  8689 | D:8      | Killed Maggie
  8692 | D:8      | Reached skill level 12 in Axes
  9016 | D:8      | Found a staircase to the Lair.
  9078 | D:8      | Identified the ring of Dudgh {rC+ rN+ Dex+2}
  9174 | D:8      | Found Futagune's Self-Improvement Boutique.
  9341 | Lair:1   | Entered Level 1 of the Lair of Beasts
 10345 | Lair:1   | Reached XP level 11. HP: 90/95 MP: 11/11
 10349 | Lair:1   | Reached skill level 13 in Axes
 10620 | Lair:1   | Noticed an eight-headed hydra
 10632 | Lair:1   | HP: 6/142 [15-headed hydra (10)]
 10632 | Lair:1   | Slain by a 15-headed hydra

Illustrated notes

Levels and vault maps discovered:
D:1:      minmay_arrival_four_circles, layout_basic,
          shapermc_ecumenical_altar_mp_vishouse, minmay_hexomino_p4
D:2:      layout_basic, serial_forest, infiniplex_forest_lined_room_2,
          infiniplex_forest_end_2, infiniplex_forest_clump_small,
          infiniplex_forest_clump_long, infiniplex_forest_clump_small,
          uniq_terence
D:3:      layout_rooms, mainiacjoe_overflow_surrounded_room,
          kiku_gazebo_pond_becter, serial_shops, shop, fountainhead
D:4:      layout_loops_ring, minmay_temple_entry_grid, portal_sewer_entry_f,
          serial_forest, infiniplex_forest_clump_small,
          infiniplex_forest_straight_5, infiniplex_forest_split,
          infiniplex_forest_straight_4, infiniplex_forest_lined_3,
          reono_crystal_passage, item_on_display_a
D:5:      layout_rooms, zin_academy, uniq_edmund
D:6:      layout_layer_cave
D:7:      lemuel_ice_spiral_2, layout_basic, nicolae_overflow_squiral
D:8:      layout_basic, erik_lair_dragon, nicolae_shop_self_help, uniq_maggie
Lair:1:   layout_cave_pods, minmay_stone_trees_small, minivault_19,
          eino_small_chamber_without_monster

Skill      XL: |  1  2  3  4  5  6  7  8  9 10 11 |
---------------+----------------------------------+-----
Dodging        | 3 4 5 6 7 8 |  8.9
Axes           | 4 5 6 8 9 11 12 13 | 13.1
Fighting       | 4 6 8 |  8.5

Action                   |  1- 3 |  4- 6 |  7- 9 | 10-12 || total
-------------------------+-------+-------+-------+-------++-------
Melee: Hand axe          |   112 |   137 |   185 |   180 ||   614
       Tailslap          |    11 |    12 |    30 |    31 ||    84
       Punch             |       |       |     2 |     1 ||     3
Invok: Berserk           |     1 |     3 |     5 |     3 ||    12
  Use: Scroll            |       |     5 |     7 |     3 ||    15
       Potion            |       |       |       |     2 ||     2
 Stab: Sleeping          |       |     4 |     5 |       ||     9
Armor: Skin              |    37 |    39 |    46 |    35 ||   157
Dodge: Dodged            |    89 |    92 |   116 |   114 ||   411

Table legend: (Time is in decaauts)
 A = Elapsed time spent in this place.
 B = Non-inter-level travel time spent in this place.
 C = Inter-level travel time spent in this place.
 D = Time resting spent in this place.
 E = Time spent auto-exploring this place.
 F = Levels seen in this place.
 G = Mean time per level.
                   A        B        C        D        E       F      G
               +--------+--------+--------+--------+--------+-----+--------+
         Total |  10655 |   9933 |    722 |    918 |   7698 |  10 | 1065.5 |
       Dungeon |   9199 |   8478 |    721 |    823 |   6508 |   8 | 1149.9 |
          Lair |   1258 |   1258 |      0 |     43 |   1079 |   1 | 1258.0 |
         Sewer |    197 |    197 |      0 |     52 |    111 |   1 |  197.0 |
               +--------+--------+--------+--------+--------+-----+--------+

Top non-repeatable levels by time:
     D:8: 2027 daAuts
     D:6: 1476 daAuts
     D:1: 1308 daAuts
  Lair:1: 1258 daAuts
     D:7: 1150 daAuts
     D:4: 922 daAuts
     D:2: 920 daAuts
     D:5: 735 daAuts
     D:3: 659 daAuts
   Sewer: 197 daAuts
